[Event "Late-Titled-Tuesday-Blitz-January-30-2024"]
[Site "Chess.com"]
[Date "2024.01.30"]
[Round "2"]
[White "arctic_t00"]
[Black "AsaHoffmann"]
[Result "1/2-1/2"]
[WhiteElo "2701"]
[BlackElo "2347"]
[TimeControl "180+1"]
[EndTime "14:18:23 PST"]
[Termination "Game drawn - insufficient material"]

1. g3 d6 2. Bg2 Nf6 3. d4 c6 4. e4 Nbd7 5. Ne2 e5 6. O-O Be7 7.
c4 Qc7 8. Nbc3 a6 9. d5 c5 10. h3 Rb8 11. a4 O-O 12. g4 Ne8 13. Ng3 g6 14. Bh6 Ng7 15. Qd2 Qd8 16. Rae1 Kh8 17.
Kh2 Nf6 18. f4 exf4 19. Bxf4 Nd7 20. b3 Ne5 21. Re2 f6 22. Ref2 Bd7 23. Bf3 b5 24. axb5 axb5 25. Be2 bxc4 26. Bxc4 Qa5 27. Bxe5 fxe5 28.
Rf7 Rxf7 29. Rxf7 Qd8 30. Qh6 Bf8 31. Qe3 Qe8 32. Qf2 Kg8 33. Rf3 Be7 34. Nd1 Ra8 35.
Ne3 Bg5 36. Ng2 Qe7 37. Nf1 Rf8 38. Rxf8+ Qxf8 39. Qxf8+ Kxf8 40. Kg3 Ne8 41. h4 Bc1 42.
Nge3 h6 43. Nc2 Nc7 44. Nh2 Nb5 45. Nf3 Nd4 46. Nfxd4 cxd4 47. Ne1 h5 48. gxh5 gxh5 49. Nd3 Be3 50. b4 Ke8 51. b5 Kd8 52. Nb4 Kc7 53.
Nc6 Kb6 54. Bd3 Bd2 55. Be2 Be1+ 56. Kg2 Bxh4 57. Bxh5 d3 58. Bd1 Kxb5 59. Kf3 Bxc6 60. dxc6 Kxc6 61. Ke3 d5 62. exd5+ Kxd5 63. Kxd3 Bg5 64.
Bf3+ e4+ 65. Bxe4+ 1/2-1/2

[Event "Late-Titled-Tuesday-Blitz-January-30-2024"]
[Site "Chess.com"]
[Date "2024.01.30"]
[Round "2"]
[White "Mops_2004"]
[Black "Rawnsdale"]
[Result "1/2-1/2"]
[WhiteElo "2769"]
[BlackElo "2555"]
[TimeControl "180+1"]
[EndTime "14:18:26 PST"]
[Termination "Game drawn by repetition"]

1. Nf3 d5 2. g3 e6 3. Bg2 Be7 4. O-O Nf6 5. c4 O-O 6. b3 c6 7. Bb2 Nbd7 8. d3 b6 9. Nbd2 Bb7 10.
e4 Nc5 11. e5 Nfd7 12. Qc2 b5 13. d4 Na6 14. c5 f6 15. exf6 Bxf6 16. Rae1 Re8 17. h4 Qc7 18. Bh3 Nf8 19. Re3 Re7 20. Rfe1 Rae8 21. a3 b4 22. a4 Nb8 23. Nf1 Nbd7 24.
Qe2 a5 25. h5 Qc8 26. N1h2 Ba6 27. Qc2 Qc7 28. Ng4 h6 29. Qb1 Qc8 30. Qa1 Qc7 31.
Rc1 Qc8 32. Ne1 Qc7 33. Nd3 Bxd3 34. Rxd3 e5 35. Nxf6+ gxf6 36. Rf1 e4 37. Re3 Rg7 38. Bc1 Ne6 39. Bxe6+ Rxe6 40. Re2 Kh7 41. Kh2 f5 42. Bf4 Qd8 43. Qd1 Nf6 44. f3 Qe7 45. Be5 exf3 46. Rxf3 Ng4+ 47. Kg2 Nxe5 48. dxe5 Rxe5 49. Ref2 Re3 50.
Qc2 Rxf3 51. Rxf3 Qe4 52. Qf2 f4 53. Kh3 Rxg3+ 54. Rxg3 fxg3 55. Qf7+ Kh8 56. Qf8+ Kh7 57. Qf7+ Kh8 58. Qf8+ Kh7 59. Qf7+ 1/2-1/2

[Event "Late-Titled-Tuesday-Blitz-January-30-2024"]
[Site "Chess.com"]
[Date "2024.01.30"]
[Round "2"]
[White "Airquake"]
[Black "GoValya"]
[Result "1-0"]
[WhiteElo "2535"]
[BlackElo "2308"]
[TimeControl "180+1"]
[EndTime "14:18:27 PST"]
[Termination "Airquake won by checkmate"]

1. e4 e6 2. d4 d5 3. Nd2 c5 4. exd5 exd5 5. Ngf3 Nf6 6. Bb5+ Nc6 7. O-O Be7 8. dxc5 O-O 9. Nb3 h6 10. c4 a6 11. Bxc6 bxc6 12. cxd5 Nxd5 13. Nfd4 Bd7 14. Bd2 Rb8 15. Ba5 Qc8 16. Re1 Bf6 17. Qc2 Re8 18.
Rad1 Rxe1+ 19. Rxe1 Nb4 20. Qc4 Nd5 21. Bd2 Qc7 22.
h3 Nf4 23. Qxa6 Bxd4 24. Nxd4 Rxb2 25. Ba5 Qb8 26. Nxc6 Bxc6 27. Qxc6 Kh7 28. Bc7 Qc8 29. Qe4+ Ng6 30. Bd6 Rxa2 31. Rc1 Qa6 32. c6 Ra1 33. Rxa1 Qxa1+ 34. Kh2 Qc1 35. c7 h5 36. h4 Qc3 37.
Bg3 Qc5 38. Qb7 Ne7 39. Qe4+ g6 40. Qd3 Nf5 41. Qd7 Ne7 42. Qxe7 Qxe7 43. c8=Q Kg7 44.
Qc7 Qe6 45. Qe5+ Qxe5 46. Bxe5+ Kh7 47. Kg3 Kg8 48. Kf4 Kf8 49. Kg5 Kg8 50. Kf6 Kh7 51.
Kxf7 g5 52. hxg5 h4 53. g6+ Kh6 54. g7 h3 55. g8=Q hxg2 56. Qg6# 1-0

[Event "Late-Titled-Tuesday-Blitz-January-30-2024"]
[Site "Chess.com"]
[Date "2024.01.30"]
[Round "2"]
[White "Mikhail_Golubev"]
[Black "LiemLe"]
[Result "1/2-1/2"]
[WhiteElo "2654"]
[BlackElo "3050"]
[TimeControl "180+1"]
[EndTime "14:18:30 PST"]
[Termination "Game drawn by repetition"]

1. e4 c5 2. Nf3 Nc6 3. Nc3 d6 4. d4 cxd4 5. Nxd4 Nf6 6. Bc4 e6 7. Be3 Be7 8. Qe2 a6 9. O-O-O Na5 10. e5 Nd5 11. Bxd5 exd5 12. Nxd5 O-O 13. Nf3 Nc6 14. Nxe7+ Nxe7 15. exd6 Nf5 16. Bf4 Be6 17. Kb1 Qa5 18. b3 Qb4 19. Be5 Rfd8 20. Qd2 Qc5 21. g4 Nh4 22. Nxh4 Qxe5 23. f4 Qc5 24. f5 Bd7 25. Rhe1 Rac8 26. f6 Bxg4 27. Qg2 Qh5 28. h3 Qxh4 29. Qxg4 Qxg4 30. hxg4 gxf6 31. Re7 b5 32. Kb2 Kf8 33. Rc7 Rb8 34. Re1 Rxd6 35. Ree7 Kg8 36. Rxf7 h6 37. Rg7+ Kh8 38. Rh7+ Kg8 39. Rcg7+ Kf8 40. Rf7+ Kg8 41. Rfg7+ Kf8 42. Rg6 Rbd8 43.
Rhxh6 Ke7 44. g5 fxg5 45. Rh7+ Kf8 46. Rxg5 R8d7 47. Rxd7 Rxd7 48. Rg6 Ra7 49. Rf6+ Ke7 50. Rc6 Kd7 51. Rc3 a5 52. Rd3+ Kc6 53. Rc3+ Kb6 54. Re3 Rc7 55. Re6+ Kb7 56. Re5 Kb6 57. a4 bxa4 58.
bxa4 Rc4 59. Rb5+ Ka6 60. Kb3 Rh4 61. c4 Rh3+ 62. Kb2 Rh2+ 63. Kb3 Rh3+ 64. Kb2 Rh2+ 65. Kb3 Rh3+ 1/2-1/2

[Event "Late-Titled-Tuesday-Blitz-January-30-2024"]
[Site "Chess.com"]
[Date "2024.01.30"]
[Round "2"]
[White "SpeedofLight0"]
[Black "bocah_sakit"]
[Result "1-0"]
[WhiteElo "3015"]
[BlackElo "2624"]
[TimeControl "180+1"]
[EndTime "14:18:30 PST"]
[Termination "SpeedofLight0 won by resignation"]

1. d4 Nf6 2. Bg5 Ne4 3. h4 c5 4.
d5 Qb6 5. Bc1 d6 6. f3 Ng3 7.
Rh2 g6 8. Nc3 Bg7 9. e4 Be5 10. f4 Bxc3+ 11. bxc3 Nxe4 12. Qf3 Nf6 13. c4 Bf5 14. Qb3 Nbd7 15. Bb2 O-O 16. Ne2 a5 17. Ng3 Bg4 18. Bc3 Qxb3 19. axb3 b6 20. Bd3 Rfe8 21.
Kd2 e5 22. dxe6 Rxe6 23. f5 gxf5 24. Nxf5 Bxf5 25. Bxf5 Ne4+ 26. Kd3 Nf2+ 27. Kd2 Ne4+ 28. Bxe4 Rxe4 29. Rd1 a4 30. Kc1 axb3 31. cxb3 Re3 32.
Rh3 Rxh3 33. gxh3 Kf8 34. Rxd6 Ke7 35. Rh6 Rg8 36. Rxh7 Rg3 37. Kb2 Rg2+ 38. Ka3 Rg3 39. Bd2 Rxh3 40. h5 Nb8 41. h6 Nc6 42. Ka4 Nd4 43.
b4 Rh2 44. Bg5+ Ke6 45. bxc5 bxc5 46. Ka5 f6 47. Bf4 Rf2 48. Be3 Rh2 49. Kb6 Nf5 50.
Bf4 Rh4 51. Rh8 Rxf4 52. h7 Rh4 53. Re8+ Kd7 54. h8=Q Rxh8 55. Rxh8 Kd6 56. Rd8+ Ke7 57. Rd1 Nd4 58. Kxc5 Ne6+ 59. Kb6 1-0

[Event "Late-Titled-Tuesday-Blitz-January-30-2024"]
[Site "Chess.com"]
[Date "2024.01.30"]
[Round "2"]
[White "Burgsvik"]
[Black "Good_Knight_Kiss"]
[Result "0-1"]
[WhiteElo "2282"]
[BlackElo "2525"]
[TimeControl "180+1"]
[EndTime "14:18:30 PST"]
[Termination "Good_Knight_Kiss won by checkmate"]

1. e4 c5 2. Nf3 d6 3. d4 cxd4 4. Nxd4 Nf6 5. Nc3 a6 6. Be2 e5 7.
Nb3 Be7 8. O-O O-O 9. Kh1 Nbd7 10. a4 b6 11. f4 Bb7 12. Bf3 Re8 13. f5 Rc8 14. Qe2 Qc7 15. Bg5 h6 16. Bxf6 Nxf6 17. Rad1 Qc4 18. Rfe1 Qxe2 19. Rxe2 Rc4 20. Rd3 Rec8 21.
Nd2 R4c7 22. Kg1 Bc6 23. Kf2 b5 24. axb5 axb5 25. b4 Bd7 26. Ndb1 Rc4 27. Red2 Rxb4 28. Na3 Rb2 29. Nd1 Ra2 30. Ne3 d5 31. Nxd5 Nxd5 32. Rxd5 Bc6 33. Nxb5 Bxd5 34. exd5 Rcxc2 35. Rxc2 Rxc2+ 36. Ke3 Rc5 37. d6 Bd8 38. Na3 Rc3+ 39. Ke4 Rxa3 40. Kxe5 Rd3 41. Be4 Rd2 42. Bf3 Kf8 43. Be4 Ba5 44. h3 Bb4 45. f6 Bxd6+ 46. Kf5 g6+ 47. Kg4 h5+ 48. Kg5 Be5 49. Bf3 Rd6 50.
Kh6 Rxf6 51. Bd5 Bf4+ 52. Kh7 g5 53. Bxf7 Rxf7+ 54. Kg6 g4 55. Kxh5 gxh3 56. Kg4 hxg2 57. Kh4 Bd6 58. Kh3 g1=Q 59. Kh4 Qh2+ 60. Kg4 Qg2+ 61.
Kh5 Rh7# 0-1

[Event "Late-Titled-Tuesday-Blitz-January-30-2024"]
[Site "Chess.com"]
[Date "2024.01.30"]
[Round "2"]
[White "Alexander_Donchenko"]
[Black "wqws"]
[Result "1-0"]
[WhiteElo "2935"]
[BlackElo "2605"]
[TimeControl "180+1"]
[EndTime "14:18:32 PST"]
[Termination "Alexander_Donchenko won by resignation"]

1. Nf3 Nf6 2. g3 g6 3. Bg2 Bg7 4. O-O O-O 5. d4 d6 6. b3 c6 7.
Bb2 Nbd7 8. Nbd2 Re8 9. Re1 d5 10. c4 a5 11. Ne5 Nxe5 12. dxe5 Nd7 13. cxd5 cxd5 14. Nf3 e6 15. Rc1 a4 16. bxa4 Nb6 17. Bd4 Nxa4 18. h4 Bd7 19. h5 Rc8 20. Qd2 Qe7 21. Rxc8 Rxc8 22. Rc1 Qf8 23. e3 gxh5 24.
Bf1 Nc5 25. Qd1 Ne4 26. Rxc8 Qxc8 27. Nh4 Qc7 28. Qxh5 Qc2 29. Qe2 Qb1 30. Kh2 Qc1 31. Bg2 Nd2 32. Nf3 Nxf3+ 33. Bxf3 Qc7 34. Qb2 b5 35.
Be2 Qc6 36. Kg2 h6 37. Bd3 Bf8 38.
Qe2 b4 39. Qg4+ Bg7 40. Qd1 Qa4 41. Qc1 Qc6 42. Qd2 Qa4 43. Bb1 b3 44. Qd3 Qc4 45.
Qh7+ Kf8 46. axb3 Qb4 47. Qc2 Qb8 48. Bc5+ Ke8 49. Bd6 Qb7 50. Qh7 d4+ 51. Be4 Bc6 52.
Qg8+ Kd7 53. Qxf7+ Kc8 54. Qg8+ Kd7 55. Qxg7+ Kc8 56.
Qf8+ Kd7 57. Qe7+ 1-0

[Event "Late-Titled-Tuesday-Blitz-January-30-2024"]
[Site "Chess.com"]
[Date "2024.01.30"]
[Round "2"]
[White "Ajedrecista3000"]
[Black "temus_galaktionov"]
[Result "0-1"]
[WhiteElo "2587"]
[BlackElo "2873"]
[TimeControl "180+1"]
[EndTime "14:18:33 PST"]
[Termination "temus_galaktionov won by resignation"]

1. Nf3 c6 2. c4 g6 3. d4 Bg7 4. e4 d6 5. Nc3 Bg4 6. Be2 Qb6 7. Na4 Qa5+ 8. Bd2 Qc7 9. Be3 Nd7 10. O-O Ngf6 11.
Nc3 O-O 12. Rc1 e5 13. d5 Rfc8 14. Nd2 Bxe2 15. Qxe2 a6 16. a4 Qa5 17. Qd3 Nc5 18. Bxc5 Qxc5 19. Na2 a5 20. Nb3 Qb6 21. Rc2 cxd5 22.
cxd5 Rxc2 23. Qxc2 Nxe4 24. Qxe4 Qxb3 25. Nc3 Qb6 26.
Nb5 Rc8 27. Qg4 f5 28. Qg5 Kf7 29. h4 Rc5 30. Rd1 Rc2 31. Rf1 Rc4 32. b3 Rc5 33. Qd2 Qd8 34. Rc1 Rxc1+ 35. Qxc1 Bf8 36. Qc3 Be7 37.
g3 h6 38. Kg2 g5 39. h5 Kf6 40.
Qc2 Qd7 41. Qc3 Kf7 42. Qxa5 Qc8 43. Qc3 Qxc3 44. Nxc3 e4 45. f3 exf3+ 46. Kxf3 Kf6 47. Nd1 Ke5 48. Ne3 Bd8 49. g4 f4 50. Nf5 Kxd5 51.
Nxh6 Kc5 52. Nf7 Bf6 53. h6 d5 54. h7 Kb4 55. Nxg5 Kxb3 56. Nf7 d4 57. g5 Bg7 58.
h8=Q Bxh8 59. Nxh8 d3 60. g6 d2 61. g7 d1=Q+ 62. Kxf4 Qg1 0-1

[Event "Late-Titled-Tuesday-Blitz-January-30-2024"]
[Site "Chess.com"]
[Date "2024.01.30"]
[Round "2"]
[White "valeriocarnicelli"]
[Black "Ready4abattle"]
[Result "1-0"]
[WhiteElo "2529"]
[BlackElo "2297"]
[TimeControl "180+1"]
[EndTime "14:18:33 PST"]
[Termination "valeriocarnicelli won by resignation"]

1. e4 c5 2. c3 d5 3. exd5 Qxd5 4. Nf3 Nc6 5. Na3 Bf5 6. Bc4 Qe4+ 7. Qe2 Qxe2+ 8. Kxe2 e6 9. d4 O-O-O 10. Be3 cxd4 11. Nxd4 Nxd4+ 12. Bxd4 Kb8 13. Be5+ Ka8 14. Rhd1 Rc8 15. Nb5 a6 16. Nc7+ Ka7 17. Rd7 f6 18. Bd4+ Kb8 19. Nxa6+ bxa6 20. Bxa6 Re8 21. Ba7+ Ka8 22. Bb6 Ne7 23.
Rad1 Nd5 24. Bd4 Nf4+ 25. Kf1 e5 26. Ra7+ Kb8 27. Rb7+ Ka8 28. Ra7+ Kb8 29. Bb6 Ne6 30. Rb7+ Ka8 31. Ra7+ Kb8 32. Bb5 Rc8 33. Bd7 g6 34. Bxc8 Kxc8 35. Ra8+ Kb7 36. Re8 Bg7 37. Rxh8 Bxh8 38.
Ba5 Nc5 39. Bb4 Nd3 40. Rd2 Bg7 41. Ke2 Bh6 42. Rxd3 Bxd3+ 43. Kxd3 Bc1 44. b3 f5 45. a4 Kc6 46. a5 Kd5 47. c4+ Kc6 48. Bc3 e4+ 49.
Ke2 Bf4 50. b4 Bd6 51. Ke3 g5 52. f3 exf3 53. Kxf3 h5 54. h3 g4+ 55. hxg4 hxg4+ 56. Kf2 Bf4 57. Bd4 Bd6 58. b5+ Kb7 59. a6+ 1-0

[Event "Late-Titled-Tuesday-Blitz-January-30-2024"]
[Site "Chess.com"]
[Date "2024.01.30"]
[Round "2"]
[White "BogdanDeac"]
[Black "Adar_07"]
[Result "1/2-1/2"]
[WhiteElo "3052"]
[BlackElo "2657"]
[TimeControl "180+1"]
[EndTime "14:18:34 PST"]
[Termination "Game drawn - insufficient material"]

1. d4 Nf6 2. Nf3 g6 3. Nbd2 d5 4. Nb3 Bg7 5. Bf4 O-O 6. e3 a5 7. a4 Nh5 8. Bg5 h6 9. Bh4 g5 10. Nfd2 Nf6 11. Bg3 Bf5 12. h4 g4 13. h5 Nc6 14.
Bd3 Bxd3 15. cxd3 Nb4 16. Nf1 Qd7 17. Be5 Qf5 18. Bxf6 Nxd3+ 19. Ke2 Nxf2 20. Qe1 Nxh1 21. Bxg7 Kxg7 22. Qh4 e5 23. Qxh1 Rfe8 24. Qh4 Ra6 25. Ng3 Qc2+ 26. Nd2 exd4 27. Qxg4+ Kh7 28. Qxd4 Rae6 29.
Nf1 Re5 30. g4 f5 31. Ra3 c5 32. Qc3 Qxc3 33. Rxc3 d4 34. Rb3 fxg4 35. Rxb7+ Kh8 36. Nc4 Rxh5 37. Nxa5 Rh3 38. Nc4 d3+ 39. Kxd3 g3 40.
Nxg3 Rxg3 41. a5 Rg6 42. Rc7 h5 43. Rxc5 Rh6 44. Ne5 Kg8 45. Nf3 h4 46. e4 h3 47.
Nh2 Rg6 48. Rh5 Rg3+ 49. Kd4 Rb8 50. a6 Rxb2 51. a7 Ra2 52. Ke5 Rxa7 53. Kf4 Rb3 54.
Ng4 Rf7+ 55. Kg5 Rg3 56. Kh4 Rd3 57. Nh6+ Kg7 58. Nxf7 Kxf7 59. Kg4 Kf6 60. Rxh3 Rxh3 61. Kxh3 Ke5 62. Kg2 Kxe4 1/2-1/2

[Event "Late-Titled-Tuesday-Blitz-January-30-2024"]
[Site "Chess.com"]
[Date "2024.01.30"]
[Round "2"]
[White "zverr1"]
[Black "K_A_S_T_O_R"]
[Result "0-1"]
[WhiteElo "2600"]
[BlackElo "2920"]
[TimeControl "180+1"]
[EndTime "14:18:34 PST"]
[Termination "K_A_S_T_O_R won by checkmate"]

1. e4 c5 2. Nf3 d6 3. Nc3 a6 4. h3 e6 5. d4 cxd4 6. Nxd4 Nf6 7. g4 h6 8. Bg2 Be7 9. Be3 Nc6 10. O-O Ne5 11. f4 Nc4 12. Bc1 Qb6 13. b3 Na5 14. Be3 Qc7 15. Qd2 Nc6 16. Nce2 O-O 17. c4 Bd7 18. Ng3 Nxd4 19. Bxd4 Bc6 20. g5 hxg5 21.
fxg5 Nd7 22. g6 fxg6 23. Qe2 Ne5 24. Bxe5 dxe5 25. Qg4 Bc5+ 26. Kh1 Kh7 27. Qh4+ Kg8 28. Qg4 Qe7 29. Qxg6 Rf6 30. Qh5 Bd4 31. Rxf6 gxf6 32. Rf1 Rf8 33. Ne2 Bc5 34. Rf3 Rf7 35. Rg3+ Rg7 36.
Qh6 Bf2 37. Rxg7+ Qxg7 38. Qh5 Kf8 39. Nc1 Bd4 40. Nd3 Ke7 41. Nb4 Be8 42. Qh4 a5 43.
Nd3 Bc6 44. Qe1 f5 45. Qxa5 fxe4 46. Qc7+ Kf6 47. Qd8+ Kf5 48. Ne1 Bf2 49. Qc8 Bxe1 50. Bf1 Bf2 51. Bg2 e3 52. Bxc6 Qg1# 0-1

[Event "Late-Titled-Tuesday-Blitz-January-30-2024"]
[Site "Chess.com"]
[Date "2024.01.30"]
[Round "2"]
[White "Korchmar_Vasiliy"]
[Black "NCchamp"]
[Result "1-0"]
[WhiteElo "2708"]
[BlackElo "2319"]
[TimeControl "180+1"]
[EndTime "14:18:34 PST"]
[Termination "Korchmar_Vasiliy won by resignation"]

1. e4 c6 2. d4 d5 3. exd5 cxd5 4. Bd3 Nc6 5. c3 Nf6 6. h3 g6 7. Nf3 Bf5 8. O-O Bg7 9. Bxf5 gxf5 10. Bf4 Qb6 11.
Qb3 Qxb3 12. axb3 e6 13. Ne1 Ne4 14. Nd3 Ke7 15. f3 Nd6 16. Nd2 h5 17. b4 Bh6 18.
Bxh6 Rxh6 19. Rfe1 h4 20. Kf2 Rg8 21. Nf4 Kd7 22. Nb3 b6 23. Ra6 Nb5 24. Rea1 Nb8 25. Rxa7+ Nxa7 26. Rxa7+ Kd6 27. Rxf7 Nd7 28. Nc1 Rhh8 29.
Ncd3 Rf8 30. Ne5 Nxe5 31. dxe5+ Kc6 32. Rxf8 Rxf8 33. Nxe6 Ra8 34. Nd4+ Kd7 35. Nxf5 Ke6 36. Nxh4 Ra2 37. f4 Rxb2+ 38. Ke3 Rc2 39. Kd3 Rf2 40. g3 Rh2 41. Nf3 Rg2 42. g4 Rg3 43.
Ke3 Rxh3 44. f5+ Kd7 45. g5 Ke7 46. g6 Rh5 47. Kf4 b5 48. f6+ Ke6 49. Nd4+ Kd7 50. g7 Rh4+ 51. Kg3 Rh1 52. Nf3 Rg1+ 53. Nxg1 1-0

[Event "Late-Titled-Tuesday-Blitz-January-30-2024"]
[Site "Chess.com"]
[Date "2024.01.30"]
[Round "2"]
[White "RaulPerezGuerra"]
[Black "ChEsper99"]
[Result "1/2-1/2"]
[WhiteElo "2469"]
[BlackElo "2153"]
[TimeControl "180+1"]
[EndTime "14:18:34 PST"]
[Termination "Game drawn by repetition"]

1. d4 Nf6 2. c4 e6 3. Nf3 d5 4. g3 c6 5. Bg2 dxc4 6. O-O b5 7. a4 Bb7 8. Ne5 a6 9. axb5 axb5 10. Rxa8 Bxa8 11.
Nc3 Qb6 12. b3 cxb3 13. Qxb3 Qxd4 14. Bf4 Qb4 15. Qc2 Nbd7 16. Nxc6 Qc5 17. Be3 Qf5 18. Qxf5 exf5 19. Nxb5 Bxc6 20. Bxc6 Be7 21. Nc7+ Kd8 22.
Nb5 Bc5 23. Bf4 Ke7 24. Rc1 Rc8 25. Bb7 Rg8 26. Bf3 g5 27. Bd2 Rb8 28. Nc3 Rb2 29.
Be1 g4 30. Bg2 Ke6 31. Kf1 Bd4 32. Nd1 Ra2 33. e3 Be5 34. Nc3 Ra6 35. Nb5 Rb6 36.
Nc7+ Ke7 37. Nd5+ Nxd5 38. Bxd5 Nf6 39. Bg2 Kd6 40. Bc3 Bxc3 41. Rxc3 Rb1+ 42. Ke2 Rb2+ 43. Ke1 Rb1+ 44. Kd2 Rb2+ 45. Rc2 Rxc2+ 46. Kxc2 Ke5 47.
Kd3 Ne4 48. Bxe4 fxe4+ 49. Kc3 Kd5 50. Kb4 f6 51. Kb5 h5 52. Kb4 Ke5 53. Kc5 f5 54.
Kc6 Ke6 55. Kc5 Ke5 56. Kc6 Ke6 57. Kc5 Ke5 1/2-1/2

[Event "Late-Titled-Tuesday-Blitz-January-30-2024"]
[Site "Chess.com"]
[Date "2024.01.30"]
[Round "2"]
[White "biostatistician"]
[Black "GMKrikor"]
[Result "0-1"]
[WhiteElo "2559"]
[BlackElo "2814"]
[TimeControl "180+1"]
[EndTime "14:18:35 PST"]
[Termination "GMKrikor won on time"]

1. d4 Nf6 2. Nf3 g6 3. c4 Bg7 4.
Nc3 d5 5. cxd5 Nxd5 6. e4 Nxc3 7. bxc3 c5 8. Be3 Qa5 9. Qd2 Nc6 10. Rc1 cxd4 11.
cxd4 Qxd2+ 12. Kxd2 O-O 13. d5 Rd8 14. Ke1 Na5 15. Bg5 Kf8 16. Bd3 b6 17. Ke2 h6 18.
Bf4 Bd7 19. Rc7 g5 20. Be5 f6 21. Bb2 e6 22. d6 e5 23. Rhc1 Be6 24. Ba3 Bxa2 25.
d7+ Kf7 26. Rc8 Be6 27. Rxa8 Rxa8 28. Bb5 Rd8 29. Rc7 a6 30. Bxa6 Rxd7 31. Rc1 Bf8 32.
Bb2 Bc5 33. Bb5 Rd8 34. h3 Nb3 35. Rb1 Nd4+ 36. Bxd4 Bxd4 37. Rc1 Bc5 38. Ra1 Kg6 39. Ra7 h5 40. Ne1 Bb3 41. Nd3 Bd4 42. Rc7 Be6 43. f3 Rc8 44. Rb7 Bc4 45. Bxc4 Rxc4 46. g4 h4 47. Kd2 Ra4 48. Kc2 Rc4+ 49. Kd2 Ra4 50. Rd7 Ra2+ 51. Kd1 Ra4 52. Kc2 b5 53. Kb3 Ra1 54.
Nb4 Rb1+ 0-1

[Event "Late-Titled-Tuesday-Blitz-January-30-2024"]
[Site "Chess.com"]
[Date "2024.01.30"]
[Round "2"]
[White "sofaceindisguise"]
[Black "Chessdreamer2020"]
[Result "0-1"]
[WhiteElo "2777"]
[BlackElo "2564"]
[TimeControl "180+1"]
[EndTime "14:18:37 PST"]
[Termination "Chessdreamer2020 won by resignation"]

1. d4 d6 2. c4 e5 3. Nf3 e4 4.
Nfd2 f5 5. b4 Nf6 6. Nb3 g6 7. Nc3 Bg7 8. e3 O-O 9. Be2 c6 10. Bb2 d5 11. c5 Bh6 12. g3 Be6 13.
Qc2 a5 14. Nxa5 Qc7 15. Nb3 b6 16. O-O-O Na6 17. a3 bxc5 18. dxc5 Nd7 19. Nd4 Bf7 20. h4 Bg7 21. h5 g5 22. h6 Bh8 23. Bh5 Ne5 24.
Bxf7+ Rxf7 25. Rh5 Qe7 26. f4 Nd3+ 27. Rxd3 exd3 28.
Qxd3 gxf4 29. gxf4 Re8 30. Rg5+ Kf8 31. Nxf5 Qd7 32.
Nd4 Nc7 33. Kb1 Ne6 34. Nxe6+ Qxe6 35. Rg7 Bxg7 36. hxg7+ Rxg7 37. Ka2 d4+ 38. Ka1 dxc3 39. Bxc3 Rg1+ 40. Kb2 Rg2+ 41. Bd2 Qd5 42. Qxd5 cxd5 43. Kc3 Ra8 44. Bc1 Rg1 45. Bb2 Re1 46. Kd3 Rb1 47.
Kc2 Re1 48. Kd2 Rg1 49. c6 Ke7 50. b5 Rg2+ 51. Kc3 Kd6 52. Kb3 Rxb2+ 53. Kxb2 h5 54. Kb3 h4 55. a4 h3 56. Kb4 h2 0-1

[Event "Late-Titled-Tuesday-Blitz-January-30-2024"]
[Site "Chess.com"]
[Date "2024.01.30"]
[Round "2"]
[White "sakkikuska"]
[Black "AlexeiShirov"]
[Result "1/2-1/2"]
[WhiteElo "2548"]
[BlackElo "2754"]
[TimeControl "180+1"]
[EndTime "14:18:37 PST"]
[Termination "Game drawn by repetition"]

1. e4 e5 2. Nf3 Nc6 3. Bb5 a6 4. Bxc6 dxc6 5. Nc3 Qf6 6. d4 exd4 7. Qxd4 Qxd4 8.
Nxd4 Nf6 9. f3 Bd7 10. a3 O-O-O 11. Be3 Bd6 12. O-O-O Rde8 13. Nb3 b6 14. g3 Bh3 15.
Rhg1 Kb7 16. Bd4 h5 17. Bxf6 gxf6 18. Nd4 h4 19. b4 hxg3 20. hxg3 Bc8 21. Nf5 Be5 22. Ne2 Rh2 23. Rd2 Bxf5 24. exf5 Ba1 25. Nf4 Rxd2 26. Kxd2 Bd4 27. Rh1 Be3+ 28. Kd3 Bxf4 29.
gxf4 Rd8+ 30. Ke3 Rd5 31. Rh7 Rxf5 32. Rxf7 a5 33. Ke4 Rh5 34. Rxf6 axb4 35. axb4 Rh2 36. Kd3 Rf2 37. Rf8 Rxf3+ 38. Kd4 Rf2 39. c3 Rd2+ 40. Ke3 Rc2 41. Kd3 Rf2 42. f5 b5 43.
f6 c5 44. bxc5 Kc6 45. Kd4 Rf4+ 46. Ke3 Rf5 47. Ke4 Rf1 48. Kd4 Rd1+ 49. Ke4 Rf1 50. Kd4 Rd1+ 51. Ke4 Rf1 1/2-1/2

[Event "Late-Titled-Tuesday-Blitz-January-30-2024"]
[Site "Chess.com"]
[Date "2024.01.30"]
[Round "2"]
[White "ImportedItalianMaple"]
[Black "SchmakAttack"]
[Result "0-1"]
[WhiteElo "2480"]
[BlackElo "2746"]
[TimeControl "180+1"]
[EndTime "14:18:38 PST"]
[Termination "SchmakAttack won on time"]

1. e4 Nf6 2. e5 Nd5 3. d4 d6 4.
Bc4 Nb6 5. Bb3 dxe5 6. Qh5 e6 7. dxe5 a5 8. a4 Na6 9. c3 Nc5 10. Bc2 Nd3+ 11. Bxd3 Qxd3 12. Qe2 Qd5 13. Nf3 Bd7 14. O-O Bxa4 15. c4 Qd7 16. Be3 c5 17. Nc3 Bc6 18. Rfd1 Qc7 19. Nb5 Bxb5 20. cxb5 Be7 21. h4 Nd5 22. h5 h6 23. Nd2 Qxe5 24. Nc4 Qc7 25. b6 Nxb6 26. Nxa5 O-O 27. Nb3 Nd5 28. Rac1 b6 29. Nd4 Nxe3 30. Qxe3 cxd4 31. Rxc7 dxe3 32. Rxe7 exf2+ 33. Kxf2 Ra2 34. Rd2 Rc8 35. Rb7 Ra6 36. Rdd7 Rf8 37. g4 Ra4 38. Kf3 Rb4 39. Rd2 f5 40.
gxf5 Rxf5+ 41. Ke3 Rxh5 42. Rg2 Rg5 43. Rxg5 hxg5 44. Re7 Rxb2 45. Rxe6 Kh7 46. Kf3 Rb4 47. Rd6 Rf4+ 48. Kg3 Rf6 49. Rd5 Kg6 50. Rb5 Kh5 51.
Rd5 Rc6 52. Rb5 g6 53. Kf3 Kh4 54. Rb4+ Kh3 55. Rb1 Rf6+ 56. Ke4 g4 57. Ke5 Rf8 58.
Rxb6 g3 59. Rxg6 g2 60. Rh6+ Kg3 0-1

[Event "Late-Titled-Tuesday-Blitz-January-30-2024"]
[Site "Chess.com"]
[Date "2024.01.30"]
[Round "2"]
[White "Felix-Rose"]
[Black "NikolaGry"]
[Result "0-1"]
[WhiteElo "2359"]
[BlackElo "2712"]
[TimeControl "180+1"]
[EndTime "14:18:40 PST"]
[Termination "NikolaGry won by resignation"]

1. e4 d5 2. exd5 Nf6 3. d4 Bg4 4. Bb5+ Nbd7 5. f3 Bf5 6. Nc3 a6 7. Ba4 b5 8. Bb3 Nb6 9. Nge2 Nfxd5 10. Nxd5 Nxd5 11. O-O e6 12. Ng3 Bg6 13. f4 f5 14.
Re1 Kf7 15. Qf3 c6 16. Bd2 Bd6 17. Re2 Re8 18. Rae1 Qc7 19. h4 h6 20. h5 Bh7 21.
c3 Re7 22. Nf1 Rae8 23. g3 Nf6 24. Ne3 Kf8 25. Bc1 Bg8 26. Ng2 Bf7 27. Qf2 Nxh5 28. Nh4 Nf6 29. Nf3 c5 30. Ne5 c4 31. Bc2 Bh5 32.
Rd2 Kg8 33. Qh2 Bg4 34. Qh4 b4 35. Kf2 Bxe5 36. Rxe5 Nd5 37. Ba4 bxc3 38. bxc3 Nxc3 39. Bxe8 Rxe8 40. Rc2 Nd5 41. Qh1 Qd7 42. Rxc4 Rc8 43. Rxc8+ Qxc8 44. Qe1 Qc2+ 45. Kg1 Bf3 46. Qd2 Qb1 47.
Rxe6 Be4 48. Rd6 Kh7 49. Rc6 a5 50. Rc5 a4 51. Kf2 Nf6 52. g4 Nxg4+ 53. Kg3 Nf6 54. d5 Bxd5 55. Rxd5 Ne4+ 56. Kf3 Nxd2+ 57. Rxd2 Qxc1 58.
Ke2 Qc4+ 59. Kf2 Qxf4+ 0-1

[Event "Late-Titled-Tuesday-Blitz-January-30-2024"]
[Site "Chess.com"]
[Date "2024.01.30"]
[Round "2"]
[White "HansOnTwitch"]
[Black "TheCavemanChess"]
[Result "1/2-1/2"]
[WhiteElo "3203"]
[BlackElo "2684"]
[TimeControl "180+1"]
[EndTime "14:18:41 PST"]
[Termination "Game drawn by repetition"]

1. e4 c5 2. Nf3 d6 3. Bb5+ Nd7 4. O-O a6 5. Bd3 Ngf6 6. Re1 b5 7. a4 Bb7 8. axb5 axb5 9. Rxa8 Bxa8 10. Bxb5 Nxe4 11. Nc3 Nxc3 12. dxc3 e6 13. Bf4 Qb6 14. Qa1 Bxf3 15. Qa4 Bb7 16. Bxd7+ Kd8 17. Bg5+ Be7 18. Be3 Kc7 19. Bb5 Ra8 20. Qb3 Bc6 21. c4 Rb8 22. Qd3 Bxb5 23. cxb5 Qxb5 24. Qxh7 Qxb2 25. g3 Bf6 26. Bf4 e5 27. Be3 Qa2 28. Rd1 Rb1 29. Qd3 Rxd1+ 30. Qxd1 Qc4 31. Qd2 Kd7 32. Qd1 Ke6 33. h4 d5 34. h5 d4 35. Bd2 Ke7 36. Qb1 Qd5 37. Qb6 e4 38. Bf4 Be5 39.
Bg5+ f6 40. Qa7+ Kf8 41. h6 fxg5 42. h7 g6 43. Kf1 Qc4+ 44. Kg1 Qf7 45. Qxc5+ Qe7 46.
Qc8+ Qe8 47. Qb7 Qe7 48. Qxe4 Kg7 49. h8=Q+ Kxh8 50. Qxg6 Bg7 51. Qh5+ Kg8 52. Qg6 Qe1+ 53. Kg2 Qe7 54. Qf5 Qb7+ 55. Kg1 Qe7 56. Qd5+ Kf8 57.
Qf5+ Ke8 58. Qc8+ Kf7 59. Qf5+ Bf6 60. Qh7+ Ke6 61. Qg8+ Kd6 62. Qc4 Qe1+ 63. Kg2 Qe4+ 64. Kg1 Ke5 65. Qc5+ Ke6 66. Qc4+ Kf5 67. Qc8+ Kg6 68. Qg8+ Kf5 69. Qh7+ Ke5 70. Qc7+ Kf5 71. Qh7+ Ke5 72. Qc7+ Kf5 73. Qh7+ 1/2-1/2